 Dungeon Crawl Stone Soup version 0.19.0-9-gfd783f2 (webtiles) character file.

95 Andry07 the Skirmisher (level 4, 0/39 HPs)
             Began as a Merfolk Skald on Nov 7, 2016.
             Slain by a gnoll
             ... wielding a +0 whip
              (2 damage)
             ... on level 3 of the Dungeon.
             The game lasted 00:05:47 (2501 turns).

Andry07 the Skirmisher (Merfolk Skald)              Turns: 2501, Time: 00:05:48

Health: 0/39       AC:  3    Str: 13    XL:     4   Next: 66%
Magic:  7/7        EV: 11    Int: 11    God:
Gold:   134        SH:  0    Dex: 13    Spells: 1 memorised, 6 levels left

rFire  . . .     SeeInvis .     a - +0 spear
rCold  . . .     Gourm    .     b - +0 leather armour
rNeg   . . .     Faith    .     (no shield)
rPois  .         Spirit   .     (no helmet)
rElec  .         Reflect  .     (no cloak)
rCorr  .         Harm     .     (no gloves)
MR     .....                    (no boots)
Stlth  +.........               (no amulet)
                                (no ring)
                                (no ring)

@: no status effects
A: change form in water, swift swim, stealthy swim
a: no special abilities


You were on level 3 of the Dungeon.
You were not hungry.

You visited 1 branch of the dungeon, and saw 3 of its levels.

You collected 134 gold pieces.

Inventory:

Hand Weapons
 a - a +0 spear (weapon)
 x - a +0 flail of holy wrath
Missiles
 g - 2 tomahawks (quivered)
Armour
 b - a +0 leather armour (worn)
 v - a +0 buckler
Jewellery
 q - an uncursed amulet of rage {unknown}
 w - a +2 ring of strength {unknown}
Wands
 y - a wand of flame (27/48)
 z - a wand of paralysis (15/24)
Scrolls
 f - 5 scrolls of remove curse {unknown}
 j - 2 scrolls of recharging {unknown}
 k - 2 scrolls of amnesia {unknown}
 m - 2 scrolls of teleportation {unknown}
 n - 2 scrolls of enchant weapon {unknown}
 o - a scroll of noise {unknown}
 p - 4 scrolls of identify {unknown}
 s - a scroll of enchant armour {unknown}
Potions
 e - a potion of cancellation {unknown}
 i - 2 potions of curing {unknown}
 l - a potion of lignification
 r - a potion of berserk rage {unknown}
 t - a potion of haste {unknown}
Books
 c - a book of Battle

   Spells                             Type                      Level
   a - Infusion                       Charms                       1
   b - Shroud of Golubria             Charms/Translocation         2
   c - Song of Slaying                Charms                       2
   d - Spectral Weapon                Hexes/Charms                 3
   e - Regeneration                   Charms/Necromancy            3
Comestibles
 d - 3 bread rations
 h - 2 meat rations
 u - a beef jerky


   Skills:
 + Level 5.2 Fighting
 - Level 3.0 Polearms
 - Level 0.6 Armour
 - Level 1.3 Dodging
 - Level 2.0 Spellcasting
 - Level 3.2 Charms


You had 6 spell levels left.
You knew the following spells:

 Your Spells              Type           Power        Failure   Level  Hunger
a - Infusion              Chrm           #...         12%         1    ##.....


Dungeon Overview and Level Annotations

Branches:
Dungeon (3/15)

Altars:
Nemelex Xobeh


Message History

The gnoll is heavily wounded.
The gnoll barely misses you.
You hit the gnoll but do no damage.
The gnoll is heavily wounded.
The gnoll hits you with a whip.
* * * LOW HITPOINT WARNING * * *
You hit the gnoll.
The gnoll is severely wounded.
The gnoll closely misses you.
You closely miss the gnoll.
The gnoll is severely wounded.
The gnoll hits you with a whip.
* * * LOW HITPOINT WARNING * * *
You hit the gnoll.
The gnoll is almost dead.
The gnoll closely misses you.
You closely miss the gnoll.
The gnoll is almost dead.
The gnoll hits you with a whip.
You die...

#.# #.# #########
#.# #.# #........
#.# #>###.####
###.### #........#
#.....# ######.##.#
#.###>####.......#.#
#.# #......####..#.#
#.###.#########..#.#
#...)....@gg.....#.#
#.##############.#.#
#<# #.#.### #.#
#g#...# #.#
#####...#.# #.#
#.g.......# #.#
#.######.## #.#
###.# #.# #.# ##.#.#
#.#


You could see 2 gnolls.

Vanquished Creatures
  Jessica (D:2)
  A gnoll (D:3)
  2 adders (D:2)
  2 worms (D:2)
  A dart slug (D:2)
  3 orcs (D:3)
  4 bats
  3 giant cockroaches (D:2)
  4 hobgoblins
  A quokka (D:3)
  2 frilled lizards (D:2)
  4 goblins
  2 kobolds (D:2)
  3 rats
33 creatures vanquished.

Notes
Turn   | Place    | Note
-------+----------+-------------------------------------------
     0 | D:1      | Andry07 the Merfolk Skald began the quest for the Orb.
     0 | D:1      | Reached XP level 1. HP: 16/16 MP: 3/3
   457 | D:1      | Reached skill level 3 in Fighting
   457 | D:1      | Reached XP level 2. HP: 24/24 MP: 5/5
  1017 | D:2      | Reached XP level 3. HP: 30/30 MP: 6/6
  1048 | D:2      | Found a faded altar of an unknown god.
  1371 | D:2      | Noticed Jessica
  1379 | D:2      | Killed Jessica
  1379 | D:2      | Reached skill level 4 in Fighting
  1459 | D:2      | Reached XP level 4. HP: 35/38 MP: 7/7
  2216 | D:3      | Reached skill level 5 in Fighting
  2414 | D:3      | Found a sparkling altar of Nemelex Xobeh.
  2501 | D:3      | Slain by a gnoll

Skill      XL: |  1  2  3  4 |
---------------+-------------+-----
Fighting       | 3 4 5 |  5.2
Polearms       | |  3.0
Armour         | |  0.6
Dodging        | |  1.3
Spellcasting   | |  2.0
Charms         | |  3.2

Action                   |  1- 3 |  4- 6 || total
-------------------------+-------+-------++-------
Melee: Spear             |    80 |    93 ||   173
 Cast: Infusion          |     1 |       ||     1
  Use: Potion            |     1 |       ||     1
 Stab: Distracted        |     1 |       ||     1
       Sleeping          |     4 |     1 ||     5
  Eat: Chunk             |       |     5 ||     5
Armor: Leather armour    |    13 |    14 ||    27
Dodge: Dodged            |    27 |    34 ||    61
